 Dungeon Crawl Stone Soup version 0.31-a0-145-g046c7d2549 (webtiles) character file.

Game seed: 4140145001800244604

422 NateTC the Ruffian (level 6, -3/59 (62) HPs)
             Began as a Troll Fighter on June 6, 2023.
             Was an Initiate of Wu Jian.
             Slain by Crazy Yiuf
             ... wielding a +2 quarterstaff of chaos
              (8 damage)
             ... on level 4 of the Dungeon.
             The game lasted 00:04:49 (3016 turns).

NateTC the Ruffian (Troll Fighter)                  Turns: 3016, Time: 00:04:51

HP:   -3/59 (62)    AC:  4    Str: 25    XL:     6   Next: 63%
MP:   5/5           EV:  9    Int:  6    God:    Wu Jian [......]
Gold: 232           SH:  9    Dex:  9    Spells: 5/5 levels left

rFire   . .          .
                       - Unarmed
rCold   . . .        b - +1 kite shield
rNeg    . . .        a - +0 robe
rPois   .            (helmet restricted)
rElec   .            (no cloak)
rCorr   .            (gloves unavailable)
SInv    .            (boots unavailable)
Will    .....        (no amulet)
Stlth   +            (no ring)
HPRegen 1.09/turn    (no ring)
MPRegen 0.09/turn

%: no passive effects
@: lightly drained, invisible
A: large, unfitting armour, claws 3, regeneration 1, shaggy fur 1, tough skin 1
a: Renounce Religion


You were on level 4 of the Dungeon.
You worshipped Wu Jian.
Wu Jian was noncommittal.
You visited 2 branches of the dungeon, and saw 5 of its levels.

You collected 232 gold pieces.

Inventory:

Armour
 a - a +0 robe (worn)
 b - a +1 kite shield (worn)
Jewellery
 i - a +6 ring of strength
 o - a ring of see invisible
Wands
 g - a wand of mindburst (13)
 j - a wand of polymorph (15)
 l - a wand of acid (13)
Scrolls
 d - 3 scrolls of identify
 e - 2 scrolls of poison
 k - a scroll of magic mapping {unknown}
 m - a scroll of noise {unknown}
Potions
 c - 3 potions of might
 f - 2 potions of lignification


   Skills:
 + Level 3.7 Fighting
 - Level 2.4 Dodging
 + Level 4.1 Shields
 * Level 5.3 Unarmed Combat


You had 5 spell levels left.
You didn't know any spells.
Your spell library contained the following spells:

 Spells                   Type           Power      Damage    Failure   Level
 Sandblast                Erth           0%         2d4       71%         1
 Blink                    Tloc           0%         N/A       83%         2
 Passwall                 Tmut/Erth      0%         N/A       83%         2
 Portal Projectile        Hex/Tloc       0%         N/A       97%         3
 Stone Arrow              Conj/Erth      0%         3d7       97%         3
 Tukima's Dance           Hex            0%         N/A       97%         3
 Manifold Assault         Tloc           0%         N/A       100%        4
 Blade Hands              Tmut           0%         N/A       100%        5
 Conjure Ball Lightning   Conj/Air       0%         3x3d6     100%        6
 Storm Form               Tmut/Air       0%         N/A       100%        7
 Discord                  Hex            0%         N/A       100%        8
 Disjunction              Tloc           0%         N/A       100%        8


Dungeon Overview and Level Annotations

Branches:
Dungeon (4/15) Zot: 20987  Temple (1/1) D:4 Zot: 5980

Altars:
Ashenzari
Cheibriados
Fedhas
Kikubaaqudgha
Nemelex Xobeh
Qazlal
Trog
Uskayaw
Vehumet
Wu Jian
Xom
Zin
The Shining One

Annotations:
D:4 Crazy Yiuf


Innate Abilities, Weirdness & Mutations

You are too large for most types of armour.
You have claws for hands.
Your natural rate of healing is unusually fast.
You are covered in fur. (AC +1)
You have tough skin. (AC +1)


Message History

You start resting.
HP restored.
You see here a +0 dagger.
o - a ring of see invisible;
d - 3 scrolls of identify (gained 1)
Items here: ( ))) [ ††††.
Things that are here:
a +0 dagger; a +0 robe; an orc corpse
There is a stone staircase leading up here.
There is a stone staircase leading up here.
Found two hammers.
Found a runed translucent door.
Crazy Yiuf says, "Aardvark snockshim eyeball!"
You see here a +0 hammer.
Found a hammer.
You see here a +0 hammer.
You see here a +0 robe.
Key pressed, stopping explore.
Crazy Yiuf shouts!
You see here a +0 hammer.
Could not explore, unopened runed door.
You open the door.
Crazy Yiuf says, "I'm not crazy!"
Crazy Yiuf drinks a potion.
Crazy Yiuf flickers and vanishes!
Deactivating autopickup; reactivate with Ctrl-A.
Something hits you! Something burns you!
There is an open translucent door, spattered with blood here.
You miss something. Something hits you!
You feel drained.
You completely miss something. Something hits you!
* * * LOW HITPOINT WARNING * * *
You miss something. Something hits you.
* * * LOW HITPOINT WARNING * * *
You feel drained.
* * * LOW HITPOINT WARNING * * *
You feel better. Something hits you.
* * * LOW HITPOINT WARNING * * *
You fade into invisibility!
Something hits you!
* * * LOW HITPOINT WARNING * * *
Okay, then.
You barely miss something. Something hits you!
You die...

#......................
##.#.#.########........
#.#.#....# #........
########## ###......
#.....## ♣♣♣♣♣########
#### ♣♣♣.♣....#######
#.).#♣).♣............
#..{@.♣♣♣♣........###
#)..#♣♣ ♣♣.....#.##.
#### ♣♣#####.##. #.##.
#.##. ### ### ### #.##.
#.# #.###.#### #.###
#.# #........# #.# #
#.# #####.##.#####.###


There were no monsters in sight!

Vanquished Creatures
  An ogre (D:4)
  2 orc priests
  Ijyb (D:4)
  An iguana (D:4)
  2 orc wizards
  Robin (D:3)
  4 gnolls (D:4)
  An adder (D:3)
  A worm (D:3)
  2 dart slugs (D:2)
  10 orcs
  5 endoplasms
  5 giant cockroaches
  19 goblins
  11 hobgoblins
  6 jackals
  9 quokkas
  3 ball pythons
  6 bats
  3 frilled lizards (D:1)
  4 kobolds
  3 rats
100 creatures vanquished.

Notes
Turn   | Place    | Note
-------+----------+-------------------------------------------
     0 | D:1      | NateTC the Troll Fighter began the quest for the Orb.
     0 | D:1      | Reached XP level 1. HP: 22/22 MP: 0/0
   245 | D:1      | Reached XP level 2. HP: 29/29 MP: 1/1
   608 | D:1      | Reached XP level 3. HP: 36/36 MP: 2/2
   966 | D:2      | Reached skill level 3 in Unarmed Combat
   972 | D:2      | Found a glowing golden altar of the Shining One.
  1111 | D:2      | You fall into a shaft and drop 1 floor!
  1368 | D:3      | Reached XP level 4. HP: 44/44 MP: 3/3
  1870 | D:3      | Reached skill level 4 in Unarmed Combat
  1930 | D:3      | Found a faded altar of an unknown god.
  2004 | D:3      | Noticed Robin
  2008 | D:3      | Reached XP level 5. HP: 51/53 MP: 4/4
  2034 | D:3      | Killed Robin
  2189 | D:4      | Noticed Ijyb
  2197 | D:4      | Killed Ijyb
  2474 | D:4      | Reached XP level 6. HP: 42/61 MP: 5/5
  2582 | D:4      | Found a staircase to the Ecumenical Temple.
  2606 | Temple   | Entered the Ecumenical Temple
  2616 | Temple   | Became a worshipper of the Wu Jian Council
  2669 | D:4      | Reached skill level 5 in Unarmed Combat
  2832 | D:4      | Found a runed translucent door.
  2833 | D:4      | Noticed Crazy Yiuf
  3016 | D:4      | Slain by Crazy Yiuf

Illustrated notes

Levels and vault maps discovered:
D:1:      dpeg_arrival_shrine, layout_loops_corners
D:2:      layout_rooms, basic_altar
D:3:      layout_basic, basic_ecumenical_altar, chequers_serial_rivers_room_b,
          uniq_robin
D:4:      layout_loops_ring, minmay_temple_entry_statues_fountains,
          minmay_checkerbox, uniq_ijyb, uniq_crazy_yiuf_cottage
Temple:   nicolae_temple_ecumenical_triangle

Skill      XL: |  1  2  3  4  5  6 |
---------------+-------------------+-----
Shields        | 3 4 |  4.1
Unarmed Combat | 3 4 5 |  5.3
Fighting       | 3 |  3.7
Dodging        | |  2.4

Action                     |  1- 3 |  4- 6 || total
---------------------------+-------+-------++-------
  Melee: Unarmed           |   127 |   176 ||   303
Ability: Lunge             |       |     4 ||     4
    Use: Scroll            |     4 |     3 ||     7
         Potion            |       |     2 ||     2
   Stab: Sleeping          |     1 |     1 ||     2
 Armour: Robe              |    59 |    41 ||   100
  Dodge: Dodged            |    39 |    48 ||    87
  Block: Kite shield       |    56 |    78 ||   134

Table legend: (Time is in decaauts)
 A = Elapsed time spent in this place.
 B = Non-inter-level travel time spent in this place.
 C = Inter-level travel time spent in this place.
 D = Time resting spent in this place.
 E = Time spent auto-exploring this place.
 F = Levels seen in this place.
 G = Mean time per level.
                   A        B        C        D        E       F      G
               +--------+--------+--------+--------+--------+-----+--------+
         Total |   3030 |   2925 |    105 |     27 |   2151 |   5 |  606.0 |
       Dungeon |   3011 |   2916 |     95 |     27 |   2151 |   4 |  752.8 |
        Temple |     19 |     10 |      9 |      0 |      0 |   1 |   19.0 |
               +--------+--------+--------+--------+--------+-----+--------+

Top non-repeatable levels by time:
     D:1: 955 daAuts
     D:3: 915 daAuts
     D:4: 816 daAuts
     D:2: 323 daAuts
  Temple: 19 daAuts
